 Seeded DCSS version 0.29-a0-1047-g7c58e119a4 (webtiles) character file.

Game seed: 6110161014741598081 (custom seed)

74342 flotson the Fighter (level 15, -9/119 HPs)
             Began as a Demonspawn Delver on Aug 16, 2022.
             Was an Initiate of Gozag.
             Mangled by a +2 vorpal dire flail (13 damage)
             ... on level 2 of the Orcish Mines.
             The game lasted 00:59:50 (29640 turns).

flotson the Fighter (Demonspawn Delver)            Turns: 29640, Time: 00:59:52

Health: -9/119     AC: 22    Str: 19    XL:     15   Next: 6%
Magic:  14/15      EV: 15    Int: 15    God:    Gozag
Gold:   2639       SH: 16    Dex: 18    Spells: 14/14 levels left

rFire   . . .      SeeInvis .   a - +4 broad axe (flame)
rCold   + + +      Faith    .   E - +1 kite shield {rC+}
rNeg    . . .      Spirit   .   V - +0 chain mail of the Cricket {Will++ Slay+3}
rPois   .          Reflect  +   F - +1 helmet {Int+3}
rElec   .          Harm     .   j - +2 cloak
rCorr   .          Rampage  .   (gloves unavailable)
Will    +++..                   Q - +0 pair of boots
Stlth   +.........              O - amulet of reflection
HPRegen 1.09/turn               u - +4 ring of evasion
MPRegen 0.14/turn               U - ring "Xaffeth" {Drain +Blink Fly rC+++ Dex+3}

@: gold aura, on blink cooldown, flying
A: claws 3, molten scales 2, demonic guardian 2, demonic magic 2, camouflage 1,
regeneration 1
a: Renounce Religion, Evoke Blink, Potion Petition, Call Merchant, Bribe Branch


You were on level 2 of the Orcish Mines.
You worshipped Gozag.
Gozag was most pleased with you.
You visited 5 branches of the dungeon, and saw 20 of its levels.
You also visited: Bailey and Ice Cave.

You collected 7627 gold pieces.
You spent 3114 gold pieces at shops.
You paid 1874 gold pieces to Gozag.

Inventory:

Hand Weapons
 a - a +4 broad axe of flaming (weapon)
 b - a +3 vampiric broad axe
 W - the +4 flail "Jarrywn" {vorpal, rF+}
   (You found it on level 5 of the Lair of Beasts)

   It inflicts extra damage upon your enemies.
   rF:        It protects you from fire.
 X - the +6 sling of Higic {venom, rElec Will- Dex-2 Stlth+}
   (You found it in an ice cave)

   Any ammunition fired from it poisons the flesh of those it strikes.
   Dex:       It affects your dexterity (-2).
   rElec:     It insulates you from electricity.
   Will:      It decreases your willpower.
   Stlth:     It makes you more stealthy.
Missiles
 r - 61 poisoned darts (quivered)
 y - 37 boomerangs
 B - 7 datura-tipped darts
 D - 3 throwing nets
 K - 4 atropa-tipped darts
Armour
 j - a +2 cloak (worn)
 E - a +1 kite shield of cold resistance (worn)
 F - a +1 helmet of intelligence (worn)
 J - the +6 scale mail of Dyspraxia {rPois}
   (You bought it in a shop on level 4 of the Dungeon)

   rPois:     It protects you from poison.
 Q - a +0 pair of boots (worn)
 V - the +0 chain mail of the Cricket (worn) {Will++ Slay+3}
   (You found it on level 5 of the Lair of Beasts)

   Slay:      It affects your accuracy & damage with ranged weapons and melee
   (+3).
   Will:      It greatly increases your willpower.
Jewellery
 u - a +4 ring of evasion (left claw)
 M - a ring of see invisible
 O - an amulet of reflection (around neck)
 U - the ring "Xaffeth" (right claw) {Drain +Blink Fly rC+++ Dex+3}
   (You found it in an ice cave)

   [ring of flight]

   Dex:       It affects your dexterity (+3).
   rC:        It renders you almost immune to cold.
   Fly:       It grants you flight.
   +Blink:    It lets you blink.
   Drain:     It drains your maximum health when unequipped.
Wands
 g - a wand of digging (6)
 m - a wand of flame (65)
 w - a wand of polymorph (19)
 x - a wand of charming (6)
 A - a wand of acid (11)
 P - a wand of iceblast (11)
Scrolls
 c - 3 scrolls of fog
 d - 2 scrolls of magic mapping
 e - 2 scrolls of fear
 h - 3 scrolls of teleportation
 k - a scroll of blinking
 n - a scroll of silence
 q - a scroll of brand weapon
 t - 4 scrolls of poison
 I - 2 scrolls of summoning
 L - 4 scrolls of identify
 N - 5 scrolls of enchant armour
 R - a scroll of immolation
 Z - a scroll of amnesia {unknown}
Potions
 f - 2 potions of haste
 i - 2 potions of mutation
 l - 11 potions of curing
 o - 5 potions of might
 p - 3 potions of lignification
 s - a potion of attraction
 z - 2 potions of invisibility
 C - a potion of resistance
 G - a potion of cancellation
 Y - a potion of berserk rage
Miscellaneous
 H - a lightning rod (4/4)
 S - a condenser vane


   Skills:
 + Level 11.4 Fighting
 + Level 10.3 Axes
 + Level 10.0 Throwing
 + Level 10.2 Armour
 + Level 10.2 Dodging
 - Level 4.5 Stealth
 + Level 5.9 Shields
 + Level 11.1 Evocations


You had 14 spell levels left.
You didn't know any spells.
Your spell library contained the following spells:

 Spells                   Type           Power      Damage    Failure   Level
 Beastly Appendage        Tmut           0%         N/A       99%         1
 Ensorcelled Hibernation  Hex/Ice        0%         N/A       100%        2
 Passwall                 Tmut/Erth      0%         N/A       100%        2
 Scorch                   Fire           0%         2d5       100%        2
 Conjure Flame            Conj/Fire      0%         6-21      100%        3
 Dazzling Flash           Conj/Hex       0%         N/A       100%        3
 Gell's Gravitas          Tloc           0%         N/A       100%        3
 Ignite Poison            Fire/Tmut/Pois 0%         N/A       100%        3
 Lesser Beckoning         Tloc           0%         N/A       100%        3
 Spider Form              Tmut/Pois      0%         N/A       100%        3
 Swiftness                Air            0%         N/A       100%        3
 Teleport Other           Tloc           0%         N/A       100%        3
 Airstrike                Air            0%         2d(0-16)  100%        4
 Anguish                  Hex/Necr       0%         N/A       100%        4
 Flame Wave               Conj/Fire      0%         2d4       100%        4
 Sticky Flame             Conj/Fire      0%         2d3       100%        4
 Summon Lightning Spire   Summ/Air       0%         N/A       100%        4
 Lightning Bolt           Conj/Air       0%         1d11      100%        5
 Metabolic Englaciation   Hex/Ice        0%         N/A       100%        5
 Silence                  Hex/Air        0%         N/A       100%        5
 Dispersal                Tloc           0%         N/A       100%        6
 Statue Form              Tmut/Erth      0%         N/A       100%        6
 Summon Cactus Giant      Summ           0%         N/A       100%        6
 Disjunction              Tloc           0%         N/A       100%        8


Dungeon Overview and Level Annotations

Branches:
Dungeon (11/15)            Temple (1/1) D:7            Lair (5/5) D:10
  Swamp (0/4) Lair:2       Spider (0/4) Lair:3        Slime (0/5) Lair:4
    Orc (2/2) D:11            Elf (1/3) Orc:2        Bailey (visited)
  IceCv (visited)

Altars:
Dithmenos
Fedhas
Gozag
Makhleb
Okawaru
Qazlal
Trog
Vehumet
Xom
Yredelemnul
Jiyva

Shops:
D:1 ?   D:4 **(?[   D:8 !   D:9 !   Orc:1 ?=([   Orc:2 *(:[

Annotations:
Lair:3 Kirke


Innate Abilities, Weirdness & Mutations

You have claws for hands.
You are mostly covered in molten scales. (AC +3)
A demonic guardian rushes to your aid.
Spells you cast may paralyse nearby enemies.
Your skin changes colour to match your surroundings (Stealth+).
Your natural rate of healing is unusually fast.


Message History

The +2 vorpal dire flail hits the fungus!
You can move again.
You slash the air elemental! You burn the air elemental!
The air elemental is almost destroyed.
You hit the +1 vampiric war axe. The air elemental hits you.
The air elemental barely misses you.
The air elemental fires a burst of electricity at you.
The stunning burst misses you.
The +1 vampiric war axe hits you but does no damage.
You closely miss the air elemental.
The air elemental is almost destroyed.
You miss the +1 vampiric war axe.
You block the air elemental's attack. x2
The +1 vampiric war axe hits you!
The +1 vampiric war axe draws strength from your wounds!
You block the air elemental's attack.
The +1 vampiric war axe hits you but does no damage.
The air elemental closely misses you.
You closely miss the air elemental.
The air elemental is almost destroyed.
You miss the +1 vampiric war axe.
You block the air elemental's attack. x2
The +1 vampiric war axe hits you but does no damage.
The +1 vampiric war axe hits you.
The air elemental completely misses you.
Unknown command.
You slash the air elemental! You burn the air elemental.
You destroy the air elemental!
You slash the +1 vampiric war axe! You miss the +2 vorpal dire flail.
A nearby fungus withers and dies.
You block the +2 vorpal dire flail's attack.
The +1 vampiric war axe closely misses you.
You block the +2 vorpal dire flail's attack.
The +1 vampiric war axe hits you!
* * * LOW HITPOINT WARNING * * *
You blink.
The +2 vorpal dire flail hits you!!
* * * LOW HITPOINT WARNING * * *
A demonic guardian appears!
* * * LOW HITPOINT WARNING * * *
The +1 vampiric war axe misses you. The +2 vorpal dire flail hits you!
You die...
Your body crumbles into a pile of gold.

......##.......[...#.....#
....................#...##
#........[8..........#.##
#...........∩.......####
##.#......P.........#
####...[[......P.P.######
# #.....[....P...#.#.##.##
# ##..[..........$.......#
###...(.......3.@(§#....##
..#..............(..#...#
..........#.#...........#
...[)........#.........##
..[.[...###.###.........##
........# ####...........#
..).[[.## #......#.#..##
.[)[..## ##.....###...#
.[<[.## ##...## ##.##


You could see 2 dancing weapons and a friendly sixfirhy (summoned).

Vanquished Creatures
  An orc warlord (Orc:1)
  Snorg (Lair:5)
  A fire dragon (Lair:5)
  Josephine (Lair:5)
  2 hydras
  2 ironbound frosthearts (IceCv)
  2 two-headed ogres
  9 death yaks
  6 orc high priests
  Amaemon (D:7)
  Pikel (D:4)
  A lindwurm (Lair:5)
  6 orc knights
  4 orc sorcerers
  2 cyclopes (Orc:2)
  A manticore (D:6)
  13 elephants
  3 molten gargoyles (Lair:5)
  7 black mambas
  An orange demon (D:8)
  11 cane toads
  Maggie (D:6)
  A kobold demonologist (D:10)
  10 komodo dragons
  A rime drake (Lair:3)
  8 trolls
  11 polar bears (IceCv)
  Prince Ribbit (D:5)
  4 dream sheep (Lair:4)
  2 slime creatures (Lair:4)
  13 blink frogs
  An air elemental (Orc:2)
  Sigmund (D:2)
  A jumping spider (Lair:3)
  A shadow (D:11)
  5 wraiths
  4 wyverns
  43 yaks
  2 hogs
  3 basilisks
  2 steam dragons
  5 vampire mosquitoes (Lair:2)
  7 wargs (Orc:2)
  2 acid dragons (D:9)
  Edmund (D:5)
  3 hell hounds (Lair:5)
  7 water moccasins
  42 orc warriors
  A sky beast (D:8)
  2 ice beasts
  A black bear (Lair:1)
  9 ogres
  25 wolves
  3 centaurs
  4 lemures
  2 phantoms
  8 kobold brigands
  2 necrophages
  10 bullfrogs
  A gnoll sergeant (D:9)
  A scorpion (D:6)
  16 wights
  5 killer bees (D:7)
  6 lava snakes
  10 orc priests
  2 gnoll boudas
  8 hounds
  3 jellies
  18 orc wizards
  Ijyb (D:3)
  6 iguanas
  Robin (D:3)
  19 gnolls
  6 adders
  2 shadow imps
  2 white imps (D:6)
  An ufetubus (D:6)
  5 worms
  2 dart slugs (D:4)
  63 orcs
  9 ball pythons
  10 endoplasms
  5 giant cockroaches
  12 goblins
  6 hobgoblins
  11 jackals
  29 kobolds
  2 quokkas
  3 bats (D:1)
  4 frilled lizards
  4 rats
  A butterfly (Lair:1)
599 creatures vanquished.

Vanquished Creatures (collateral kills)
  An orc warlord (Orc:1)
  A hydra (Lair:5)
  2 death yaks (IceCv)
  An orc knight (Orc:1)
  An ice statue (IceCv)
  A black mamba (Lair:5)
  2 cane toads (Lair:5)
  A komodo dragon (Lair:5)
  A polar bear (IceCv)
  10 yaks
  A wraith (Lair:5)
  2 wyverns (Lair:5)
  A hell hound (Lair:5)
  2 orc warriors
  A wolf (IceCv)
  A kobold brigand (Bailey)
  A bullfrog (Lair:2)
  A wight (D:4)
  A jelly (D:5)
  An orc wizard (Orc:1)
  An adder (D:2)
  3 orcs
  A goblin (D:3)
  2 hobgoblins (D:3)
  A jackal (D:3)
41 creatures vanquished.

Vanquished Creatures (others)
  A yak (IceCv)
  57 fungi
  34 plants
92 creatures vanquished.

Grand Total: 732 creatures vanquished

Notes
Turn   | Place    | Note
-------+----------+-------------------------------------------
     0 | D:5      | flotson the Demonspawn Delver began the quest for the Orb.
     0 | D:5      | Reached XP level 1. HP: 18/18 MP: 1/1
   500 | D:4      | Found Cenluis's Magic Scroll Shoppe.
   837 | D:3      | Gained mutation: A weak demonic guardian rushes to your
                  | aid. [demonic ancestry]
   837 | D:3      | Reached XP level 2. HP: 24/24 MP: 2/2
  1367 | D:3      | Reached skill level 1 in Evocations
  1384 | D:2      | Reached XP level 3. HP: 29/29 MP: 3/3
  1599 | D:1      | Reached skill level 1 in Armour
  1935 | D:1      | Found Dagecuuq's Magic Scroll Boutique.
  2529 | D:2      | Noticed Sigmund
  2590 | D:2      | Reached skill level 1 in Throwing
  2590 | D:2      | Gained mutation: You have sharp fingernails. [demonic
                  | ancestry]
  2590 | D:2      | Reached XP level 4. HP: 8/35 MP: 4/4
  2914 | D:2      | Killed Sigmund
  2915 | D:2      | Gained mutation: You have very sharp fingernails. [demonic
                  | ancestry]
  2915 | D:2      | Reached XP level 5. HP: 22/42 MP: 5/5
  3668 | D:3      | Noticed Ijyb
  3681 | D:3      | Killed Ijyb
  3682 | D:3      | Reached XP level 6. HP: 48/48 MP: 6/6
  4000 | D:3      | Noticed Robin
  4241 | D:3      | Killed Robin
  4316 | D:4      | Found Puih's Antique Armour Emporium.
  4369 | D:4      | Noticed Pikel
  4374 | D:4      | Found Keython's Antique Armour Emporium.
  4713 | D:4      | Found Gotz's Weapon Boutique.
  5661 | D:4      | Killed Pikel
  5662 | D:4      | Reached XP level 7. HP: 35/55 MP: 7/7
  5991 | D:4      | Found Gaduih's CLEARANCE SALE!.
  5997 | D:4      | Bought a scroll of identify for 12 gold pieces
  5997 | D:4      | Bought a scroll of enchant weapon for 45 gold pieces
  6013 | D:4      | Found Tioghil's Assorted Antiques.
  6393 | D:3      | Gained mutation: You are partially covered in molten
                  | scales. (AC +2) [demonic ancestry]
  6393 | D:3      | Reached XP level 8. HP: 51/61 MP: 8/8
  7424 | D:5      | Reached skill level 5 in Fighting
  7517 | D:5      | Noticed Edmund
  7697 | D:5      | Killed Edmund
  7860 | D:5      | Noticed Prince Ribbit
  7910 | D:5      | Killed Prince Ribbit
  8074 | D:5      | Gained mutation: Spells you cast may paralyse adjacent
                  | enemies. [demonic ancestry]
  8074 | D:5      | Reached XP level 9. HP: 47/68 MP: 9/9
  8940 | D:6      | Noticed Maggie
  8997 | D:6      | Killed Maggie
  8998 | D:6      | Reached skill level 5 in Axes
  8998 | D:6      | Reached skill level 5 in Dodging
  9260 | D:6      | Reached skill level 5 in Evocations
  9416 | D:6      | Noticed a manticore
  9425 | D:6      | Gained mutation: You expend magic power (3 MP) to
                  | strengthen your wands. [potion of mutation]
  9425 | D:6      | Gained mutation: You have claws for hands. [potion of
                  | mutation]
 10406 | D:7      | Reached skill level 5 in Armour
 10542 | D:7      | Reached skill level 5 in Throwing
 10659 | D:7      | Found a staircase to the Ecumenical Temple.
 10859 | Temple   | Entered the Ecumenical Temple
 10866 | Temple   | Became a worshipper of Gozag Ym Sagoz the Greedy
 10926 | D:6      | HP: 3/71 [barbs]
 11281 | D:4      | Bought a scroll of identify for 22 gold pieces
 11281 | D:4      | Bought a scroll of identify for 22 gold pieces
 11643 | D:8      | Noticed Amaemon
 11806 | D:1      | Bought a scroll of identify for 28 gold pieces
 11806 | D:1      | Bought a scroll of identify for 28 gold pieces
 11806 | D:1      | Bought a scroll of identify for 28 gold pieces
 11806 | D:1      | Bought a scroll of identify for 28 gold pieces
 11806 | D:1      | Bought a scroll of identify for 28 gold pieces
 11961 | D:8      | Gained mutation: A demonic guardian rushes to your aid.
                  | [demonic ancestry]
 11961 | D:8      | Reached XP level 10. HP: 77/77 MP: 10/10
 12396 | D:8      | Noticed an orange demon
 12432 | D:7      | Killed Amaemon
 12609 | D:8      | Killed an orange demon
 12872 | D:8      | Found Puilaof's Distillery.
 13115 | D:9      | Found Xisal's Distillery.
 13158 | D:9      | Found a flagged portal.
 13193 | Bailey   | Entered a bailey
 13822 | Bailey   | Found a bloodstained altar of Trog.
 13886 | D:9      | You fall into a shaft and drop 2 floors!
 13895 | D:10     | Entered Level 10 of the Dungeon
 14919 | D:6      | Killed a manticore
 14920 | D:6      | Reached XP level 11. HP: 70/84 MP: 11/11
 14982 | D:4      | Bought a distressingly furry scale mail for 225 gold pieces
 14982 | D:4      | Identified the +0 scale mail "Bodotura" {Rampage rC- Dex+6}
                  | (You bought it in a shop on level 4 of the Dungeon)
 14982 | D:4      | Bought a smelly scale mail for 225 gold pieces
 14982 | D:4      | Identified the +6 scale mail of Dyspraxia {rPois} (You
                  | bought it in a shop on level 4 of the Dungeon)
 14994 | D:4      | Bought a shiny helmet for 187 gold pieces
 15057 | D:1      | Bought a scroll of acquirement for 728 gold pieces
 15260 | D:10     | Noticed a two-headed ogre
 15275 | D:10     | Killed a two-headed ogre
 15443 | D:10     | Found a blossoming altar of Fedhas.
 15445 | D:10     | Found a shadowy altar of Dithmenos.
 15445 | D:10     | Found a shimmering altar of Xom.
 15527 | D:10     | Found a staircase to the Lair.
 15890 | D:10     | Gained mutation: You are occasionally teleported next to
                  | monsters. [a neqoxec]
 15891 | D:10     | Gained mutation: You occasionally lose the ability to drink
                  | potions when taking damage. [a neqoxec]
 16085 | Lair:1   | Entered Level 1 of the Lair of Beasts
 16127 | Lair:1   | Found a frozen archway.
 16131 | IceCv    | Entered an ice cave
 16145 | IceCv    | Acquired the +1 buckler "Vunte" {rC+++}
 16344 | IceCv    | HP: 3/86 [polar bear (13)]
 16962 | IceCv    | Lost mutation: You expend magic power (3 MP) to strengthen
                  | your wands. [potion of mutation]
 16962 | IceCv    | Lost mutation: You have claws for hands. [potion of
                  | mutation]
 16962 | IceCv    | Gained mutation: You are weak. (Str -2) [potion of
                  | mutation]
 16962 | IceCv    | Gained mutation: Your natural rate of healing is unusually
                  | fast. [potion of mutation]
 16963 | IceCv    | Lost mutation: You are occasionally teleported next to
                  | monsters. [potion of mutation]
 16963 | IceCv    | Lost mutation: You occasionally lose the ability to drink
                  | potions when taking damage. [potion of mutation]
 16963 | IceCv    | Lost mutation: You are weak. (Str -2) [potion of mutation]
 16963 | IceCv    | Gained mutation: Your skin changes colour to match your
                  | surroundings (Stealth+). [potion of mutation]
 17062 | IceCv    | Identified the +1 chain mail of Defence {rC++ Will+ Int-5
                  | Stlth+}
 17250 | IceCv    | Noticed a death yak
 17252 | IceCv    | Noticed a death yak
 17252 | IceCv    | Noticed an ironbound frostheart
 17253 | IceCv    | Noticed an ironbound frostheart
 17253 | IceCv    | Noticed a death yak
 17264 | IceCv    | Killed a death yak
 17266 | IceCv    | Killed a death yak
 17339 | IceCv    | Killed an ironbound frostheart
 17340 | IceCv    | Reached XP level 12. HP: 45/94 MP: 12/12
 17409 | IceCv    | Killed a death yak
 17514 | IceCv    | Killed an ironbound frostheart
 17641 | IceCv    | Identified the +6 sling of Higic {venom, rElec Will- Dex-2
                  | Stlth+}
 17716 | IceCv    | Noticed a death yak
 17716 | IceCv    | Noticed a death yak
 17716 | IceCv    | Noticed a death yak
 17741 | IceCv    | Killed a death yak
 18023 | IceCv    | Identified the ring "Xaffeth" {Drain +Blink Fly rC+++
                  | Dex+3}
 18081 | IceCv    | Killed a death yak
 18083 | IceCv    | Killed a death yak
 18452 | Lair:1   | Reached skill level 1 in Shields
 19496 | Lair:2   | Gained mutation: You are mostly covered in molten scales.
                  | (AC +3) [demonic ancestry]
 19496 | Lair:2   | Reached XP level 13. HP: 77/101 MP: 13/13
 19553 | Lair:2   | Found a staircase to the Swamp.
 20404 | D:4      | Bought a forked gold wand for 108 gold pieces
 20404 | D:4      | Bought a potion of curing for 81 gold pieces
 20404 | D:4      | Bought a grey potion for 24 gold pieces
 20488 | D:8      | Bought a potion of curing for 36 gold pieces
 20488 | D:8      | Bought a potion of curing for 36 gold pieces
 20488 | D:8      | Bought a potion of heal wounds for 60 gold pieces
 20641 | D:1      | Bought a scroll of teleportation for 42 gold pieces
 20641 | D:1      | Bought a scroll of teleportation for 42 gold pieces
 20811 | D:9      | Bought a potion of curing for 42 gold pieces
 20811 | D:9      | Bought a potion of heal wounds for 70 gold pieces
 21051 | Lair:3   | Noticed Kirke
 21998 | Lair:3   | Reached skill level 10 in Fighting
 22309 | Lair:3   | Found a hole to the Spider Nest.
 22854 | Lair:4   | Found a staircase to the Slime Pits.
 22854 | Lair:4   | Found a viscous altar of Jiyva.
 23270 | Lair:4   | Got the Dissertation on Bewitching Metamorphosis
 23412 | Lair:5   | Entered Level 5 of the Lair of Beasts
 23516 | Lair:5   | Reached skill level 10 in Evocations
 23708 | Lair:5   | Noticed Snorg
 23721 | Lair:5   | Killed Snorg
 23780 | Lair:5   | Gained mutation: Spells you cast may paralyse nearby
                  | enemies. [demonic ancestry]
 23780 | Lair:5   | Reached XP level 14. HP: 111/111 MP: 14/14
 24098 | Lair:5   | Noticed Josephine
 24119 | Lair:5   | Killed Josephine
 24593 | Lair:5   | Found a large runed translucent door.
 24593 | Lair:5   | Found a large runed translucent door.
 24851 | Lair:5   | Identified the +4 flail "Jarrywn" {vorpal, rF+}
 24856 | Lair:5   | Identified the +0 chain mail of the Cricket {Will++ Slay+3}
 25117 | D:11     | Reached skill level 5 in Shields
 25502 | D:11     | Found a staircase to the Orcish Mines.
 25736 | Orc:1    | Entered Level 1 of the Orcish Mines
 26001 | Orc:2    | Entered Level 2 of the Orcish Mines
 26007 | Orc:2    | Noticed an orc warlord
 26011 | Orc:2    | Found a staircase to the Elven Halls.
 26139 | Orc:1    | Killed an orc warlord
 26541 | Orc:2    | Found Baunomog's Book Shop.
 26560 | Orc:2    | Reached skill level 10 in Axes
 26565 | Orc:2    | Reached skill level 10 in Dodging
 26588 | Orc:2    | Found Lepaac's Antique Weapon Shop.
 26590 | Orc:2    | Noticed an orc warlord
 26815 | Orc:1    | Killed an orc warlord
 26890 | Orc:2    | Reached skill level 10 in Armour
 27607 | Orc:2    | Found Upeeton's Antique Armour Shoppe.
 27763 | Orc:2    | Found Veddut's General Store.
 28195 | Orc:1    | Found Saleh's Magic Scroll Emporium.
 28241 | Orc:1    | Found an iron altar of Okawaru.
 28629 | Orc:1    | Found a radiant altar of Vehumet.
 28842 | Orc:1    | Gained mutation: You have claws for hands. [demonic
                  | ancestry]
 28842 | Orc:1    | Reached XP level 15. HP: 101/119 MP: 2/15
 28852 | Orc:2    | Reached skill level 10 in Throwing
 29235 | Orc:1    | Bought a bronze chain mail for 427 gold pieces
 29235 | Orc:1    | Identified the +1 chain mail "Biurgh" {Will++} (You bought
                  | it in a shop on level 1 of the Orcish Mines)
 29240 | Orc:1    | Bought an amulet of reflection for 540 gold pieces
 29291 | Elf:1    | Entered Level 1 of the Elven Halls
 29292 | Elf:1    | Paralysed by an air elemental for 1 turns
 29484 | Elf:1    | Paralysed by an air elemental for 1 turns
 29487 | Orc:2    | Paralysed by an air elemental for 1 turns
 29625 | Orc:2    | Paralysed by an air elemental for 1 turns
 29629 | Orc:2    | Paralysed by an air elemental for 1 turns
 29635 | Orc:2    | Paralysed by an air elemental for 1 turns
 29640 | Orc:2    | HP: 4/119 [+2 vorpal dire flail (6)]
 29640 | Orc:2    | Mangled by a +2 vorpal dire flail

Illustrated notes

Levels and vault maps discovered:
D:1:      minmay_arrival_open_corners, layout_rooms, serial_shops, shop,
          amethyst_killhole
D:2:      layout_loops_ring, grunt_ministairs_8, uniq_sigmund
D:3:      layout_basic, serial_aquarium, aquarium_bridge_square
          [aquarium_subvault_bridge, aquarium_subvault_balcony,
          aquarium_subvault_window, aquarium_subvault_bridge],
          aquarium_bridge_straight [aquarium_subvault_bridge,
          aquarium_subvault_wall, aquarium_subvault_bridge,
          aquarium_subvault_window], aquarium_window_2, aquarium_window_fake,
          aquarium_window_fake, aquarium_window_fake, aquarium_view_2d,
          aquarium_view_2g, aquarium_balcony_3a, ebering_dispersal_statue_hall,
          uniq_ijyb, uniq_robin
D:4:      layout_layer_cave, serial_shops, nicolae_diamond_shop,
          nicolae_square_shop, shop_fountains, nicolae_inconvenience_store,
          shop, nicolae_shop_clearance, uniq_pikel
D:5:      layout_basic, uniq_edmund, uniq_prince_ribbit1
D:6:      layout_basic, hangedman_minor_gate_pass, uniq_maggie
D:7:      layout_rooms, minmay_temple_entry_large_hall
D:8:      layout_gridville, serial_shops, nicolae_shop_behind_doors,
          uniq_amaemon
D:9:      layout_roguey, enter_bailey_2, serial_shops, nicolae_shop_statue_plus,
          nicolae_lava_and_water
D:10:     layout_basic, gammafunk_temple_overflow_claw, lair_entry_dummy
D:11:     layout_basic, orc_0_dummy, minivault_10
Temple:   hellmonk_temple_of_storms
Lair:1:   layout_layer_cave, portal_ice_cave_entry_pillars_1,
          infiniplex_staircase_pool, lemuel_fruit_fields
Lair:2:   layout_loops_ring, minmay_swamp_entry_swarm, lemuel_fruit_tree
Lair:3:   layout_cave_pods, spider_nest_entry_rubble, nzn_random_ring,
          uniq_kirke
Lair:4:   layout_gridlike, minmay_slime_entry_pillars, grunt_megastairs_2
Lair:5:   cheibrodos_lair_end_hotspot, layout_loops_ring, uniq_josephine,
          uniq_snorg
Orc:1:    layout_caves, special_room [special_room_orc], basic_altar,
          serial_shops, shop, okawaru_metal_pillars_1_2
Orc:2:    grunt_orc_gardens, layout_diamond_mine, grunt_orc_garden,
          grunt_orc_garden, grunt_orc_garden, grunt_orc_garden
Elf:1:    layout_loops_corners, serial_shops, shop,
          gammafunk_ghost_wrathful_warriors, minmay_elf_annihilation,
          evilmike_ambush [evilmike_ambush_outer_basic,
          evilmike_ambush_inner_pond]

Skill      XL: |  1  2  3  4  5  6  7  8  9 10 11 12 13 14 15 |
---------------+----------------------------------------------+-----
Axes           | 2 3 4 5 6 7 8 9 10 | 10.3
Dodging        | 2 3 4 5 6 7 8 9 10 | 10.2
Evocations     | 1 2 3 4 5 6 8 9 10 11 | 11.1
Armour         | 1 2 3 4 5 6 7 8 9 10 | 10.2
Throwing       | 1 3 4 5 6 7 8 9 10 | 10.0
Fighting       | 4 5 6 7 8 9 10 11 | 11.4
Shields        | 1 4 5 |  5.9
Stealth        | |  4.5

Action                   |  1- 3 |  4- 6 |  7- 9 | 10-12 | 13-15 || total
-------------------------+-------+-------+-------+-------+-------++-------
Melee: Hand axe          |   153 |     5 |       |       |       ||   158
       Halberd           |       |    55 |       |       |       ||    55
       Unarmed           |       |     6 |     2 |       |    25 ||    33
       Dagger            |       |    92 |   370 |       |       ||   462
       Quarterstaff      |       |    17 |       |       |       ||    17
       Punch             |       |       |     9 |     5 |       ||    14
       Broad axe         |       |       |   134 |   519 |  1025 ||  1678
 Fire: Sling             |       |       |       |    25 |    27 ||    52
Throw: Dart              |       |    14 |    10 |    17 |     1 ||    42
Invok: Call Merchant     |       |       |       |       |     3 ||     3
 Abil: Evoke Blink       |       |       |       |       |     6 ||     6
Evoke: Wand              |     1 |       |       |       |     1 ||     2
       Condenser vane    |       |       |       |     1 |       ||     1
       Lightning rod     |       |       |       |     2 |     4 ||     6
  Use: Scroll            |       |     1 |    17 |    11 |     9 ||    38
       Potion            |       |       |     3 |     5 |     4 ||    12
 Stab: Sleeping          |     2 |     1 |     2 |     5 |     5 ||    15
       Distracted        |       |     2 |     1 |     4 |    11 ||    18
Armor: Leather armour    |     3 |       |       |       |       ||     3
       Chain mail        |    66 |       |       |       |    25 ||    91
       Ring mail         |    13 |    26 |       |       |       ||    39
       Scale mail        |       |    47 |   130 |   231 |   471 ||   879
       Skin              |       |       |     1 |       |       ||     1
       Swamp dragon scal |       |       |    80 |    63 |       ||   143
Dodge: Dodged            |    57 |   161 |   466 |   637 |   970 ||  2291
Block: Buckler           |       |       |       |    61 |       ||    61
       Kite shield       |       |       |       |   105 |   829 ||   934

Table legend: (Time is in decaauts)
 A = Elapsed time spent in this place.
 B = Non-inter-level travel time spent in this place.
 C = Inter-level travel time spent in this place.
 D = Time resting spent in this place.
 E = Time spent auto-exploring this place.
 F = Levels seen in this place.
 G = Mean time per level.
                   A        B        C        D        E       F      G
               +--------+--------+--------+--------+--------+-----+--------+
         Total |  30240 |  27682 |   2558 |   4288 |  17014 |  22 | 1374.5 |
       Dungeon |  17041 |  14907 |   2134 |   2862 |   9180 |  11 | 1549.2 |
        Temple |     14 |      7 |      7 |      0 |      0 |   1 |   14.0 |
          Lair |   6457 |   6171 |    286 |    289 |   4231 |   5 | 1291.4 |
  Orcish Mines |   3940 |   3812 |    128 |    899 |   1934 |   2 | 1970.0 |
   Elven Halls |      6 |      6 |      0 |      0 |      0 |   1 |    6.0 |
        Bailey |    702 |    702 |      0 |    147 |    399 |   1 |  702.0 |
      Ice Cave |   2077 |   2077 |      0 |     90 |   1269 |   1 | 2077.0 |
               +--------+--------+--------+--------+--------+-----+--------+

Top non-repeatable levels by time:
     D:4: 3219 daAuts
     D:5: 2147 daAuts
   Orc:2: 2110 daAuts
     D:3: 2085 daAuts
   IceCv: 2077 daAuts
   Orc:1: 1829 daAuts
     D:2: 1813 daAuts
     D:6: 1798 daAuts
     D:7: 1530 daAuts
  Lair:5: 1508 daAuts
  Lair:1: 1463 daAuts
  Lair:3: 1434 daAuts
     D:9: 1188 daAuts
  Lair:4: 1038 daAuts
  Lair:2: 1012 daAuts
